Map: Lightshade LE

Players

Heeebster

  • Race: Protoss Protoss
  • League: Diamond
  • Spawn Location: 11:00

Merlin - Winner!

  • Race: Protoss Protoss
  • League: Diamond
  • Spawn Location: 5:00

VOD

Have the link to the VOD?

Description

Time

  • Played on: Nov. 15, 2020, 1:11 p.m.
  • Length: 10:46
Show
View Real Time Build Order
Export as new Build Order

Heeebster Protoss 

Build Orders: Oracle Opening 

Get SALT Encoding   

  12  0:01  Probe  
  13  0:16  Pylon, Probe (Chrono Boost)  
  14  0:28  Probe (Chrono Boost)  
  15  0:33  Probe (Chrono Boost)  
  16  0:37  Gateway  
  16  0:45  Assimilator  
  16  0:46  Probe  
  17  0:54  Assimilator  
  17  0:58  Probe  
  18  1:08  Gateway  
  18  1:12  Probe  
  19  1:24  Probe  
  20  1:27  Cybernetics Core  
  20  1:36  Probe (Chrono Boost)  
  20  1:39  Pylon  
  22  1:47  Probe (Chrono Boost)  
  22  1:52  Probe (Chrono Boost)  
  23  2:02  Warp Gate (Chrono Boost)  
  23  2:03  Adept x2  
  27  2:15  Stargate  
  27  2:40  Nexus  
  27  2:59  Robotics Facility  
  27  3:00  Oracle (Chrono Boost)  
  25  3:27  Probe  
  26  3:34  Oracle (Chrono Boost)  
  26  3:39  Probe  
  30  3:45  Pylon  
  30  3:50  Pylon  
  30  3:51  Probe  
  30  3:55  Immortal (Chrono Boost)  
  35  4:03  Probe  
  36  4:18  Probe (Chrono Boost)  
  36  4:23  Probe (Chrono Boost)  
  35  4:29  Probe (Chrono Boost)  
  37  4:33  Probe (Chrono Boost)  
  37  4:34  Probe (Chrono Boost)  
  37  4:36  Stalker x2  
  30  4:47  Probe  
  30  4:48  Probe  
  24  5:00  Probe  
  24  5:06  Probe (Chrono Boost)  
  27  5:15  Probe (Chrono Boost)  
  27  5:18  Probe (Chrono Boost)  
  28  5:24  Probe (Chrono Boost)  
  28  5:26  Probe (Chrono Boost)  
  30  5:33  Probe (Chrono Boost)  
  31  5:36  Stalker  
  31  5:38  Probe  
  34  5:45  Probe  
  34  5:46  Sentry  
  37  5:51  Probe  
  34  6:11  Probe (Chrono Boost)  
  33  6:15  Probe (Chrono Boost)  
  33  6:22  Probe (Chrono Boost)  
  33  6:25  Probe (Chrono Boost)  
  35  6:29  Probe (Chrono Boost)  
  36  6:35  Assimilator, Probe (Chrono Boost)  
  36  6:37  Assimilator  
  36  6:38  Forge  
  38  6:40  Probe x2 (Chrono Boost)  
  38  6:42  Gateway  
  38  6:44  Gateway  
  34  6:49  Probe x2  
  27  7:01  Probe x2  
  29  7:09  Protoss Ground Weapons Level 1 (Chrono Boost)  
  29  7:13  Probe x2  
  31  7:25  Probe  
  31  7:29  Shield Battery  
  32  7:32  Probe (Chrono Boost)  
  33  7:40  Probe (Chrono Boost)  
  34  7:45  Probe (Chrono Boost)  
  36  7:53  Probe (Chrono Boost)  
  36  7:54  Probe (Chrono Boost)  
  37  7:59  Probe  
  37  8:02  Probe  
  39  8:07  Immortal (Chrono Boost)  
  39  8:11  Probe  
  44  8:14  Probe  
  45  8:23  Probe  
  45  8:25  Shield Battery  
  45  8:26  Probe  
  47  8:28  Pylon  
  47  8:31  Stalker  
  49  8:35  Probe  
  49  8:38  Probe  
  51  8:47  Probe  
  52  8:48  Shield Battery  
  52  8:50  Probe  
  52  8:52  Pylon  
  53  8:57  Immortal  
  53  8:59  Probe  
  58  9:08  Probe (Chrono Boost)  
  59  9:11  Probe (Chrono Boost)  
  59  9:12  Twilight Council  
  60  9:22  Probe (Chrono Boost)  
  60  9:23  Probe (Chrono Boost)  
  62  9:27  Pylon  
  62  9:30  Probe  
  63  9:31  Twilight Council  
  63  9:37  Stalker x2  
  67  9:57  Nexus  
  67  9:59  Pylon  
  67  10:05  Observer  
  68  10:08  Zealot x2  
  68  10:10  Zealot  
  74  10:15  Sentry  
  74  10:18  Probe (Chrono Boost)  
  74  10:21  Probe (Chrono Boost)  
  77  10:30  Stalker, Probe (Chrono Boost)  
  77  10:34  Stalker, Probe (Chrono Boost)  
  76  10:40  Stalker  
  62  10:45  Stalker  
Show
View Real Time Build Order
Export as new Build Order

Merlin Protoss - Winner!

Build Orders: Oracle Opening 

Get SALT Encoding   

  12  0:00  Probe  
  13  0:12  Probe  
  14  0:17  Pylon  
  14  0:25  Probe (Chrono Boost)  
  15  0:37  Probe (Chrono Boost)  
  15  0:41  Gateway  
  16  0:45  Probe (Chrono Boost)  
  16  0:47  Assimilator  
  17  0:51  Probe  
  18  1:03  Assimilator, Probe  
  19  1:15  Probe  
  19  1:16  Gateway  
  20  1:27  Probe  
  20  1:31  Cybernetics Core  
  21  1:37  Pylon  
  21  1:39  Probe  
  22  1:51  Probe  
  23  2:03  Probe  
  23  2:08  Adept x2 (Chrono Boost)  
  24  2:14  Stargate  
  28  2:19  Pylon  
  28  2:22  Warp Gate  
  28  2:44  Nexus  
  28  2:54  Stalker  
  28  2:56  Sentry  
  32  3:12  Shield Battery  
  30  3:20  Oracle (Chrono Boost)  
  31  3:32  Stalker x2  
  35  3:36  Probe  
  37  3:49  Probe (Chrono Boost)  
  37  3:56  Probe (Chrono Boost)  
  39  4:05  Probe (Chrono Boost)  
  39  4:06  Probe (Chrono Boost)  
  38  4:11  Probe (Chrono Boost)  
  38  4:12  Probe  
  38  4:13  Pylon  
  36  4:22  Probe  
  37  4:24  Probe  
  37  4:26  Stalker x2  
  42  4:34  Probe  
  42  4:36  Probe  
  42  4:46  Probe  
  42  4:48  Probe  
  42  4:49  Stalker x2  
  48  4:58  Probe  
  49  5:00  Probe, Oracle  
  53  5:09  Pylon  
  53  5:11  Probe (Chrono Boost)  
  54  5:18  Assimilator  
  54  5:21  Assimilator  
  54  5:26  Pylon  
  56  5:29  Probe (Chrono Boost)  
  56  5:31  Probe (Chrono Boost)  
  56  5:33  Probe (Chrono Boost)  
  57  5:36  Gateway  
  57  5:37  Gateway  
  57  5:39  Probe  
  58  5:44  Probe  
  57  5:56  Void Ray  
  59  6:05  Robotics Facility  
  59  6:11  Stalker x2  
  59  6:14  Shield Battery  
  59  6:15  Shield Battery  
  61  6:21  Probe x2  
  63  6:27  Pylon  
  63  6:33  Probe x2  
  63  6:34  Stargate  
  63  6:38  Forge  
  63  6:39  Stalker x2  
  69  6:45  Probe x2  
  71  6:58  Probe x2  
  73  7:08  Stalker x2  
  75  7:11  Probe  
  78  7:17  Pylon  
  78  7:21  Protoss Ground Weapons Level 1 (Chrono Boost)  
  78  7:29  Nexus, Void Ray  
  78  7:31  Pylon  
  78  7:32  Pylon  
  82  7:40  Observer (Chrono Boost)  
  82  7:42  Gateway  
  82  7:43  Gateway  
  83  7:48  Probe x2  
  85  7:54  Observer (Chrono Boost)  
  86  8:00  Stalker, Twilight Council  
  86  8:01  Stalker x2  
  92  8:06  Probe x2  
  92  8:10  Stalker  
  96  8:18  Probe  
  97  8:20  Probe  
  97  8:25  Gateway  
  98  8:29  Gateway  
  98  8:30  Probe  
  99  8:37  Blink (Chrono Boost)  
  99  8:43  Forge  
  99  8:48  Fleet Beacon  
  99  8:52  Stalker x2  
  99  8:53  Stalker  
  99  8:54  Probe  
  106  8:58  Probe x2  
  108  9:07  Photon Cannon  
  108  9:09  Probe  
  109  9:10  Probe  
  110  9:18  Probe  
  110  9:21  Probe  
  110  9:22  Assimilator, Probe  
  113  9:24  Assimilator  
  113  9:30  Probe  
  114  9:45  Probe  
  115  9:54  Probe  
  115  9:55  Probe  
  117  10:05  Nexus  
  117  10:07  Photon Cannon  
  117  10:08  Photon Cannon, Pylon  
  117  10:10  Pylon  
  117  10:26  Probe  
  104  10:42  Stalker x4  
  106  10:43  Stalker x4  
Tags
 
Add a new tag
Caveats
  • Supply blocks, unpowered buildings, or Contaminate may cause inaccurate times.
  • Supply counts are checked every 10 seconds.